 Dungeon Crawl Stone Soup version 0.17-a0-1838-g891d947 (webtiles) character file.

534 ololoev the Conjurer (level 7, 50/50 HPs)
             Began as a White Draconian Conjurer on Sept 14, 2015.
             Was an Initiate of Vehumet.
             Quit the game on level 5 of the Dungeon on Sept 15, 2015.
             The game lasted 00:14:28 (5398 turns).

ololoev the Conjurer (White Draconian Conjurer)     Turns: 5398, Time: 00:14:28

Health: 50/50      AC:  6    Str: 10    XL:     7   Next: 4%
Magic:  8/13       EV: 15    Int: 22    God:    Vehumet [......]
Gold:   142        SH:  0    Dex: 12    Spells: 3 memorised, 6 levels left

rFire  . . .     SeeInvis .     e - -1 whip (curse)
rCold  + . .     Clarity  .     (armour unavailable)
rNeg   . . .     SustAt   .     (no shield)
rPois  .         Gourm    .     (helmet restricted)
rElec  .         Spirit   .     (no cloak)
rCorr  .         Warding  .     (no gloves)
rMut   .         Stasis   .     (no boots)
MR     .....                    (no amulet)
Stlth  ++........               (no ring)
                                i - +3 ring of evasion

@: brilliant, not resistant to hostile enchantments, unstealthy
A: breathe frost, unfitting armour, cold resistance 1, cold-blooded, AC +6
a: Breathe Frost, Renounce Religion


Innate Abilities, Weirdness & Mutations

You can breathe waves of freezing cold.
You can buffet flying creatures when you breathe cold.
Your icy white scales are hard (AC +6).
Your body does not fit into most forms of armour.
Your flesh is cold resistant.
You are cold-blooded and may be slowed by cold attacks.

Inventory:

Hand weapons
 e - a cursed -1 whip (weapon)
 r - a +1 short sword of flaming
Jewellery
 i - a +3 ring of evasion (left hand)
Scrolls
 h - 2 scrolls of immolation
 j - a scroll of teleportation
Potions
 c - 3 potions of curing
 d - 3 potions of resistance
 g - 2 potions of cure mutation
 k - a potion of magic
Comestibles
 a - a beef jerky
 b - 4 bread rations
 f - a royal jelly
 m - 2 fruits
 o - a meat ration
 p - 11 chunks of flesh


   Skills:
 - Level 1.7 Dodging
 - Level 1.7 Stealth
 + Level 4.0 Spellcasting
 * Level 6.9 Conjurations
 + Level 2.3 Charms


You had 6 spell levels left.
You knew the following spells:

 Your Spells              Type           Power        Failure   Level  Hunger
a - Magic Dart            Conj           ####         1%          1    None
b - Searing Ray           Conj           #####.       1%          2    #......
c - Iskenderun's Battles  Conj/Chrm      #####...     7%          5    ######.


You were on level 5 of the Dungeon.
You worshipped Vehumet.
Vehumet was noncommittal.
You were very hungry.

You visited 2 branches of the dungeon, and saw 6 of its levels.

You collected 142 gold pieces.

#####
#...#
#.<.##
#....# #
#...##.#
#.@..#.#
##.....#
#.♣...#
##....##
#.)..##
##.).##
#.)..#
#.<)##
#...#

Notes
Turn   | Place    | Note
--------------------------------------------------------------
     0 | D:1      | ololoev the Draconian Conjurer began the quest for the Orb.
     0 | D:1      | Reached XP level 1. HP: 14/14 MP: 3/3
    24 | D:1      | Upgraded the game from 0.17-a0-1831-gaadb308 to 0.17-a0-1838-g891d947
   339 | D:1      | Reached XP level 2. HP: 15/20 MP: 5/5
   351 | D:1      | Learned a level 2 spell: Searing Ray
  1212 | D:1      | Reached XP level 3. HP: 26/26 MP: 2/6
  1709 | D:2      | Reached skill level 5 in Conjurations
  2003 | D:2      | Reached XP level 4. HP: 33/33 MP: 4/8
  3352 | D:3      | Reached XP level 5. HP: 38/38 MP: 3/9
  3716 | D:3      | Learned a level 5 spell: Iskenderun's Battlesphere
  3861 | D:4      | Found a staircase to the Ecumenical Temple.
  3992 | Temple   | Entered the Ecumenical Temple
  4011 | Temple   | Became a worshipper of Vehumet
  4068 | D:4      | Reached skill level 6 in Conjurations
  4068 | D:4      | Reached skill level 1 in Charms
  4540 | D:4      | Reached XP level 6. HP: 45/45 MP: 8/11
  5213 | D:5      | Entered Level 5 of the Dungeon
  5235 | D:5      | Noticed Duvessa
  5363 | D:5      | Your scales start taking on an icy white colour.
  5363 | D:5      | Gained mutation: Your flesh is cold resistant. [White Draconian growth]
  5363 | D:5      | Reached XP level 7. HP: 42/50 MP: 4/13
  5398 | D:5      | Quit the game

Dungeon Overview and Level Annotations

Branches:
Dungeon (5/15)             Temple (1/1) D:4

Altars:
Fedhas
Qazlal
Vehumet
Yredelemnul

Annotations:
D:5 Duvessa


Message History

The quokka is almost dead.
The quokka bites you but does no damage.
You closely miss the quokka.
The quokka is almost dead.
The quokka barely misses you. The quokka completely misses you.
You barely miss the quokka.
The quokka is almost dead.
The quokka closely misses you.
You hit the quokka.
You kill the quokka!
Vehumet accepts your kill.
No target in view!
No target in view!
No target in view!
No target in view!
No target in view!
No target in view!
No target in view!
No target in view!
There is a stone staircase leading up, spattered with blood here.
Items here: )) [ †† a dagger; a robe; a dagger; an orc corpse; an orc corpse Butcher an orc corpse? [(y)es/(c)hop/(n)o/(a)ll/(q)uit/?]
You butcher the orc corpse. x2
p - 4 chunks of flesh;
p - 7 chunks of flesh (gained 3)
Things that are here:
a dagger; a robe; a dagger Drink which item? (? for menu, Esc to quit)
You feel clever all of a sudden.
Drink which item? (? for menu, Esc to quit)
It was a potion of heal wounds.
You feel much better.
You see here a trident.
Found an escape hatch in the ceiling.
Things that are here:
a falchion; an orc corpse You butcher the orc corpse.
p - 11 chunks of flesh (gained 4)
Things that are here:
a falchion; an orc skeleton Are you sure you want to abandon this character and quit the game? (Confirm with "yes".)

There were no monsters in sight!

Vanquished Creatures
  An ogre (D:4)
  4 orc wizards
  3 orc priests (D:4)
  2 worker ants (D:4)
  4 gnolls (D:4)
  5 adders
  A shadow imp (D:5)
  A worm (D:2)
  3 giant geckos
  12 orcs
  10 bats
  2 giant cockroaches
  8 goblins
  9 hobgoblins
  26 jackals
  6 kobolds
  A quokka (D:5)
  3 giant newts
  9 rats
110 creatures vanquished.

Action                   |  1- 3 |  4- 6 |  7- 9 || total
-------------------------+-------+-------+-------++-------
Melee: Whip              |   112 |    32 |    17 ||   161
 Cast: Magic Dart        |    28 |    58 |       ||    86
       Searing Ray       |     7 |    30 |       ||    37
 Abil: Breathe Frost     |       |       |     1 ||     1
  Use: Scroll            |       |    10 |       ||    10
       Potion            |       |       |     2 ||     2
 Stab: Sleeping          |     3 |       |       ||     3
  Eat: Chunk             |     4 |    11 |       ||    15

Vault maps used:
D:1:      grunt_arrival_crossed_arrows, dk_noncrumbling_3, patterned_corridor
D:2:      kennysheep_six_static_rooms, first_bread
D:3:      serial_glass, glass_columns_a, glass_columns_a, item_on_display_a
D:4:      minmay_temple_entry_glass
D:5:      grunt_ministairs_12, st_stairs_1, minivault_24, uniq_duvessa
Temple:   nicolae_temple_elliptical
